 Dungeon Crawl Stone Soup version 0.26.0-45-g9c1d065592 (webtiles) character file.

Game seed: 5342205569482817728

67 lawman0 the Ruffian (level 4, -3/37 HPs)
             Began as a Palentonga Transmuter on Jan 30, 2021.
             Slain by an orc
             ... wielding a +1 whip of electrocution
              (12 damage)
             ... on level 3 of the Dungeon.
             The game lasted 00:02:47 (2210 turns).

lawman0 the Ruffian (Palentonga Transmuter)         Turns: 2210, Time: 00:02:48

Health: -3/37      AC:  4    Str: 13    XL:     4   Next: 0%
Magic:  4/7        EV:  9    Int: 15    God:
Gold:   127        SH:  0    Dex: 10    Spells: 4/7 levels left

rFire    . . .     SeeInvis +     - Unarmed
rCold    . . .     Faith    .   (no shield)
rNeg     . . .     Spirit   .   f - +0 leather armour
rPois    .         Reflect  .   (helmet currently unavailable)
rElec    .         Harm     .   (no cloak)
rCorr    .         Rampage  .   (no gloves)
Will     .....                  (no barding)
Stlth    ++........             b - amulet of the acrobat
HPRegen  0.12/turn              c - ring of stealth
MPRegen  0.10/turn              (no ring)

@: appendages, wereblooded
A: large, horns 2, talons 2, rugged brown scales 3, see invisible, deformed
body, roll 1, armoured tail
a: Rolling Charge, End Transformation


You were on level 3 of the Dungeon.
You had grown temporary horns.
You had grown temporary talons.
You visited 1 branch of the dungeon, and saw 3 of its levels.

You collected 127 gold pieces.

Inventory:

Missiles
 j - 15 poisoned darts (quivered)
Armour
 f - a +0 leather armour (worn)
Jewellery
 b - an amulet of the acrobat (around neck)
 c - a ring of stealth (left hand)
Scrolls
 a - a scroll of identify {unknown}
 d - a scroll of blinking {unknown}
 e - a scroll of teleportation
 g - a scroll of magic mapping {unknown}
 k - a scroll of enchant weapon {unknown}
 l - a scroll of remove curse {unknown}
 m - a scroll of fog {unknown}
Potions
 i - a potion of degeneration {unknown}
 n - a potion of heal wounds {unknown}


   Skills:
 + Level 1.0 Fighting
 + Level 0.1 Armour
 + Level 2.0 Dodging
 * Level 4.0 Unarmed Combat
 + Level 2.2 Spellcasting
 * Level 2.8 Transmutations


You had 4 spell levels left.
You knew the following spells:

 Your Spells              Type           Power        Failure   Level
a - Beastly Appendage     Tmut           20%          9%          1
b - Wereblood             Tmut           10%          13%         2

Your spell library contained the following spells:

 Spells                   Type           Power        Failure   Level
 Spider Form              Tmut/Pois      2%           43%         3
 Ice Form                 Ice/Tmut       5%           83%         4
 Blade Hands              Tmut           5%           94%         5


Dungeon Overview and Level Annotations

Branches:
Dungeon (3/15)

Altars:
Nemelex Xobeh


Innate Abilities, Weirdness & Mutations

You are completely covered in rugged brown scales. (AC +3, +7% HP)
You have supernaturally acute eyesight. (SInv)
Armour fits poorly on your strangely shaped body.
You can roll at nearby foes to attack.
You have a long armoured tail.
You have a pair of horns on your head.
You have razor-sharp toenails.


Message History

You hit the orc. Your headbutt misses the orc.
The orc is almost dead.
The kobold hits you with a +0 dagger.
You barely miss the orc. Your kick misses the orc.
The orc is almost dead.
The orc hits you with a +1 whip of electrocution.
You are electrocuted!
* * * LOW HITPOINT WARNING * * *
The kobold closely misses you.
Unknown command.
It was a potion of curing.
You feel better. The orc barely misses you.
The kobold hits you but does no damage.
The kobold hits you with a +0 short sword.
* * * LOW HITPOINT WARNING * * *
You closely miss the orc.
Your tail-slap misses the orc.
The orc is almost dead.
The orc hits you with a +1 whip of electrocution.
* * * LOW HITPOINT WARNING * * *
You are electrocuted!
You die...

..⌠)⌠.. # #. ......#.#
......#.. #.# #...#.#.
#.#.#.#. ....#......
#.#....
....#.....#.####.#.#.#
.>......#.#..#.#.#.#
#......#.#......<.#
#..oK..#.#+##.#.#.#
#.K@.##....#.#......
#.....#....#.####.##
#####.#....#.......#
#.#...).........
#.#...##########
#.#..)# ####.#.#.#
#......#.# #......#.#


You could see an orc and 2 kobolds.

Vanquished Creatures
  2 adders (D:2)
  2 worms (D:2)
  3 leopard geckos (D:2)
  An orc (D:3)
  A ball python (D:1)
  2 giant cockroaches
  A goblin (D:2)
  4 hobgoblins
  6 jackals
  6 kobolds
  6 bats
  2 frilled lizards (D:2)
  4 rats (D:1)
40 creatures vanquished.

Notes
Turn   | Place    | Note
-------+----------+-------------------------------------------
     0 | D:1      | lawman0 the Palentonga Transmuter began the quest for the
                  | Orb.
     0 | D:1      | Reached XP level 1. HP: 17/17 MP: 3/3
   281 | D:1      | Reached XP level 2. HP: 24/24 MP: 3/5
   438 | D:1      | Learned a level 2 spell: Wereblood
   839 | D:2      | Reached XP level 3. HP: 29/29 MP: 6/6
  2159 | D:3      | Found a sparkling altar of Nemelex Xobeh.
  2203 | D:3      | Reached skill level 4 in Unarmed Combat
  2203 | D:3      | Reached XP level 4. HP: 37/37 MP: 3/7
  2210 | D:3      | Slain by an orc

Illustrated notes

Levels and vault maps discovered:
D:1:      minmay_arrival_statue_studded, layout_basic, grunt_decor_junction
D:2:      layout_basic, minmay_tromino_v4_c
D:3:      layout_basic, nemelex_xobeh_ov_fountains_minmay

Skill      XL: |  1  2  3 |
---------------+----------+-----
Dodging        | 2 |  2.0
Unarmed Combat | 4 |  4.0
Fighting       | |  1.0
Armour         | |  0.1
Spellcasting   | |  2.2
Transmutations | |  2.8

Action                   |  1- 3 |  4- 6 || total
-------------------------+-------+-------++-------
Melee: Unarmed           |   120 |     6 ||   126
       Headbutt          |     7 |       ||     7
       Kick              |     5 |     1 ||     6
       Tailslap          |     5 |       ||     5
Throw: Dart              |     2 |       ||     2
 Cast: Beastly Appendage |    16 |       ||    16
       Wereblood         |     5 |       ||     5
 Abil: Rolling Charge    |     3 |       ||     3
  Use: Scroll            |     1 |       ||     1
       Potion            |       |     1 ||     1
 Stab: Sleeping          |     1 |       ||     1
Armor: Robe              |    11 |       ||    11
       Leather armour    |    24 |     2 ||    26
Dodge: Dodged            |    87 |     3 ||    90
